 Dungeon Crawl Stone Soup version 0.30.1-11-g7821555f0a (webtiles) character file.

Game seed: 16902510928698845542

10 safid the Chiller (level 2, -1/21 HPs)
             Began as a Merfolk Ice Elementalist on Oct 31, 2023.
             Slain by a kobold
             ... wielding a +6 whip
              (2 damage)
             ... on level 2 of the Dungeon.
             The game lasted 00:00:42 (198 turns).

safid the Chiller (Merfolk Ice Elementalist)         Turns: 198, Time: 00:00:43

Health: -1/21      AC:  2    Str:  8    XL:     2   Next: 20%
Magic:  0/5        EV: 12    Int: 14    God:
Gold:   6          SH:  0    Dex: 14    Spells: 4/5 levels left

rFire   . . .        d - +0 scimitar
rCold   . . .        (no shield)
rNeg    . . .        a - +0 robe
rPois   .            (no helmet)
rElec   .            (no cloak)
rCorr   .            (no gloves)
SInv    .            (no boots)
Will    .....        (no amulet)
Stlth   ++           (no ring)
HPRegen 0.23/turn    (no ring)
MPRegen 0.09/turn

%: no passive effects
@: brilliant
A: (nimble swimmer 2), mertail
a: no special abilities


You were on level 2 of the Dungeon.
You visited 1 branch of the dungeon, and saw 2 of its levels.

You collected 6 gold pieces.

Inventory:

Hand Weapons
 d - a +0 scimitar (weapon)
Armour
 a - a +0 robe (worn)
Scrolls
 c - a scroll of fear {unknown}
Potions
 b - a potion of magic


   Skills:
 + Level 1.0 Fighting
 - Level 2.6 Dodging
 - Level 2.1 Stealth
 + Level 2.2 Spellcasting
 + Level 4.5 Ice Magic


You had 4 spell levels left.
You knew the following spells:

 Your Spells              Type           Power      Damage    Failure   Level
a - Freeze                Ice            84%        1d9       3%          1

Your spell library contained the following spells:

 Spells                   Type           Power      Damage    Failure   Level
 Frozen Ramparts          Ice            42%        1d7       11%         3
 Ozocubu's Armour         Ice            21%        N/A       11%         3
 Summon Ice Beast         Ice/Summ       11%        N/A       65%         4


Dungeon Overview and Level Annotations

Branches:
Dungeon (1/15)

Altars:


Innate Abilities, Weirdness & Mutations

((You are very nimble when in or above water. (Stealth+, EV+, Speed+++)))
Your lower body shifts to a powerful aquatic tail in water.


Message History

Aiming: Freeze (safe; 3% risk of failure)
Press: ? - help, Shift-Dir - straight line, f/p - ball python
Aim: a ball python (moderately wounded, constricting you)
You freeze the ball python!
You kill the ball python!
You feel very sick.
The kobold throws a poisoned dart.
The poisoned dart closely misses you.
Found a murky emerald potion.
You feel sick.
Found 13 gold pieces.
You feel sick.
The kobold throws a poisoned dart.
The poisoned dart hits you.
You are more poisoned.
An endoplasm comes into view.
Found a leather armour.
You feel sick.
You barely miss the kobold.
You feel very sick. The kobold hits you with a +6 whip!
* * * LOW HITPOINT WARNING * * *
Your magical contamination has completely faded away.
Unknown command.
It was a potion of curing.
You feel better. The kobold barely misses you.
Unknown command.
The endoplasm quivers.
You hit the kobold but do no damage. The kobold hits you with a +6 whip.
The kobold hits you with a +6 whip!
* * * LOW HITPOINT WARNING * * *
Unknown command.
Casting: Freeze (safe; 3% risk of failure)
Confirm with . or Enter, or press ? or * to list all spells.
Aiming: Freeze (safe; 3% risk of failure)
Press: ? - help, Shift-Dir - straight line, f - kobold
Aim: a kobold, wielding a +6 whip and quivering poisoned darts You freeze the kobold.
The kobold is moderately wounded.
A kobold comes into view. It is wielding a +0 short sword.
The kobold closely misses you.
It was a potion of brilliance.
You feel clever all of a sudden.
The kobold shouts!
The kobold hits you with a +6 whip.
You die...

... ... .. ....
######.## ..... #.! ....
.....####.###.#
..............##..
##....J....$..#...
.$....K@......#..# #
.........)....#..#..#
............#.#..#..###.
[.........#.#.#........
.K...##.#.#.#.#.##.....
...#. #.#.#.#.......#
#### .#.#.#......#..#
.....##))##....#
.#......##.....#


You could see an endoplasm and 2 kobolds.

Vanquished Creatures
  A dart slug (D:1)
  3 ball pythons
  A goblin (D:2)
  A frilled lizard (D:1)
  2 kobolds (D:2)
8 creatures vanquished.

Notes
Turn   | Place    | Note
-------+----------+-------------------------------------------
     0 | D:1      | safid the Merfolk Ice Elementalist began the quest for the
                  | Orb.
     0 | D:1      | Reached XP level 1. HP: 13/13 MP: 3/3
    92 | D:1      | You fall into a shaft and drop 1 floor!
   126 | D:2      | Reached XP level 2. HP: 20/20 MP: 3/5
   185 | D:2      | Reached skill level 1 in Fighting
   194 | D:2      | HP: 1/21 [kobold/+6 whip (8)]
   198 | D:2      | Slain by a kobold

Illustrated notes

Levels and vault maps discovered:
D:1:      minmay_arrival_five_plusses, layout_rooms,
          hangedman_abyss_or_decor_stabs, grunt_decor_mini_mirrors
D:2:      layout_basic, minmay_pentomino_r2

Skill      XL: |  1  2 |
---------------+-------+-----
Fighting       | 1 |  1.0
Dodging        | |  2.6
Stealth        | |  2.1
Spellcasting   | |  2.2
Ice Magic      | |  4.5

Action                     || total
---------------------------++-------
  Melee: Scimitar          ||     4
         Whip              ||     2
   Cast: Freeze            ||    11
    Use: Potion            ||     2
   Stab: Sleeping          ||     1
 Armour: Robe              ||     1
  Dodge: Dodged            ||    15
